 Dungeon Crawl Stone Soup version 0.22-a0-99-g1ac4c55 (webtiles) character file.

32 GrunderHorse the Insei (level 3, 11/26 HPs)
             Began as a Merfolk Transmuter on Jan 25, 2018.
             Quit the game on level 2 of the Dungeon.
             The game lasted 00:04:12 (1337 turns).

GrunderHorse the Insei (Merfolk Transmuter)         Turns: 1337, Time: 00:04:13

Health: 11/26      AC:  2    Str: 10    XL:     3   Next: 25%
Magic:  1/6        EV: 13    Int: 13    God:
Gold:   41         SH:  0    Dex: 14    Spells: 3/6 levels left

rFire    . . .     SeeInvis .     - Unarmed
rCold    . . .     Gourm    .   (no shield)
rNeg     . . .     Faith    .   b - +0 robe
rPois    .         Spirit   .   (no helmet)
rElec    .         Reflect  .   (no cloak)
rCorr    .         Harm     .   (no gloves)
MR       .....                  (no boots)
Stlth    ++........             (no amulet)
HPRegen  0.08/turn              (no ring)
MPRegen  0.10/turn              (no ring)

@: mildly poisoned (11 -> 8), appendage (expiring)
A: change form in water, swift swim, stealthy swim, horns 2
a: End Transformation


You were on level 2 of the Dungeon.
You were hungry.
You had grown temporary horns.
You visited 1 branch of the dungeon, and saw 2 of its levels.

You collected 41 gold pieces.

Inventory:

Hand Weapons
 h - a +0 short sword
 i - a +0 antimagic short sword
 m - a +2 short sword of speed
Missiles
 a - 26 arrows
Armour
 b - a +0 robe (worn)
Scrolls
 g - a scroll of immolation {unknown}
 k - a scroll of magic mapping {unknown}
Potions
 e - 2 potions of curing {unknown}
 f - a potion of agility {unknown}
 j - a potion of magic {unknown}
 l - a potion of berserk rage {unknown}
Books
 c - a book of Changes

   Spells                             Type                      Level
   a - Beastly Appendage              Transmutation                1
   b - Sticks to Snakes               Transmutation                2
   c - Spider Form                    Transmutation/Poison         3
   d - Ice Form                       Ice/Transmutation            4
   e - Blade Hands                    Transmutation                5
Comestibles
 d - a ration


   Skills:
 + Level 1.3 Fighting
 * Level 3.5 Dodging
 + Level 0.7 Stealth
 + Level 3.6 Unarmed Combat
 + Level 2.1 Spellcasting
 + Level 3.2 Transmutations


You had 3 spell levels left.
You knew the following spells:

 Your Spells              Type           Power        Failure   Level  Hunger
a - Beastly Appendage     Tmut           #.....       7%          1    ##.....
b - Sticks to Snakes      Tmut           #.......     10%         2    ###....


Dungeon Overview and Level Annotations

Branches:
Dungeon (2/15)

Altars:


Innate Abilities, Weirdness & Mutations

You revert to your normal form in water.
You are very nimble and swift while swimming.
You are very stealthy in the water. (Stealth+)
You have a pair of horns on your head.


Message History

The jackal closely misses your adder. The jackal barely misses you.
Your adder bites the jackal.
The jackal misses your adder.
Unknown command.
You barely miss the jackal.
The jackal is heavily wounded.
The jackal closely misses you.
Your adder bites the jackal.
The jackal dies!
The jackal bites your adder.
Unknown command.
The jackal closely misses your adder.
Your adder bites the jackal.
The jackal is poisoned.
Your adder poisons the jackal!
Things that are here:
a short sword of speed; a kobold corpse
m - a short sword of speed You feel sick.
The jackal closely misses your adder.
Your adder closely misses the jackal.
The jackal barely misses your adder.
You swap places.
The jackal misses you.
Your adder bites the jackal.
The jackal dies!
Found an escape hatch in the floor.
Are you sure you want to abandon this character and quit the game? (Confirm with "yes".)

................#...
................####
........###+######.
#######.# #........
###'###........
#.............
#............
#........##
#....†.@.#
#...†.S†.####.
####..........
#....#.....
#....#.###.#
#....... . +........
#........> #....#...


You could see a friendly adder.

Vanquished Creatures
  A leopard gecko (D:1)
  4 bats (D:1)
  2 giant cockroaches (D:1)
  3 goblins (D:1)
  A hobgoblin (D:1)
  2 jackals (D:2)
  2 frilled lizards (D:1)
  3 kobolds
  A rat (D:1)
19 creatures vanquished.

Vanquished Creatures (collateral kills)
  An adder (D:2)
  A worm (D:2)
  A dart slug (D:2)
  2 jackals (D:2)
5 creatures vanquished.

Grand Total: 24 creatures vanquished

Notes
Turn   | Place    | Note
-------+----------+-------------------------------------------
     0 | D:1      | GrunderHorse the Merfolk Transmuter began the quest for the Orb.
     0 | D:1      | Reached XP level 1. HP: 15/15 MP: 3/3
   224 | D:1      | Reached XP level 2. HP: 21/21 MP: 3/5
   664 | D:1      | Learned a level 2 spell: Sticks to Snakes
  1326 | D:2      | Reached XP level 3. HP: 17/26 MP: 0/6
  1337 | D:2      | Quit the game

Vault maps used:
D:1:      dpeg_arrival_brainrot
D:2:      grunt_ministairs_14, st_stairs_8

Skill      XL: |  1  2 |
---------------+-------+-----
Transmutations | 3 |  3.2
Dodging        | 3 |  3.5
Fighting       | |  1.3
Stealth        | |  0.7
Unarmed Combat | |  3.6
Spellcasting   | |  2.1

Action                   || total
-------------------------++-------
Melee: Unarmed           ||    56
       Headbutt          ||     9
 Cast: Beastly Appendage ||    14
       Sticks to Snakes  ||     4
  Eat: Chunk             ||     1
Armor: Robe              ||    20
Dodge: Dodged            ||    56

Table legend:
 A = Spawn XP
 B = Non-spawn XP
 C = Spawn XP percentage of total XP
 D = Spawn monster count
 E = Non-spawn monster count
 F = Spawn count percentage of total count
 G = Total turns spent on level
                    A         B        C        D         E        F      G
               +---------+---------+-------+---------+---------+-------+---------
         Total |       0 |      46 |   0.0 |       0 |      24 |   0.0 |  1337
               +---------+---------+-------+---------+---------+-------+---------
           D:1 |       0 |      26 |   0.0 |       0 |      16 |   0.0 |  1260
           D:2 |       0 |      20 |   0.0 |       0 |       8 |   0.0 |    77
               +---------+---------+-------+---------+---------+-------+---------
